 Dungeon Crawl Stone Soup version 0.24.1-8-ga250c9d538 (webtiles) character file.

Game seed: 6762485868765359789, levelgen mode: deterministic

3825 Hugehornet the Martial Artist (level 10, 0/61 HPs)
             Began as an Octopode Transmuter on May 6, 2020.
             Was a Believer of Cheibriados.
             Slain by Harold
             ... wielding a +0 glaive of freezing
              (14 damage)
             ... on level 7 of the Dungeon.
             The game lasted 00:33:59 (11063 turns).

Hugehornet the Martial Artist (OpTm)               Turns: 11063, Time: 00:33:59

Health: 0/61       AC:  2    Str: 14    XL:     10   Next: 17%
Magic:  2/16       EV: 21    Int: 23    God:    Cheibriados [**....]
Gold:   572        SH:  0    Dex: 21    Spells: 3/18 levels left

rFire    . . .     SeeInvis .     - Unarmed
rCold    . . .     Gourm    .   (shield currently unavailable)
rNeg     . . .     Faith    .   (helmet currently unavailable)
rPois    .         Spirit   .   (no amulet)
rElec    .         Reflect  .   m - ring of wizardry
rCorr    .         Harm     .   x - ring of poison resistance
MR       .....                  (no ring)
Stlth    +++.......             (no ring)
HPRegen  0.20/turn              (no ring)
MPRegen  0.15/turn              (no ring)
                                (no ring)
                                (no ring)

@: spider-form, marked, very slightly contaminated, invisible, very slow
A: tiny, almost no armour, stealthy swim, (amphibious), 8 rings, (constrict 8)
a: End Transformation, Bend Time, Renounce Religion


You were on level 7 of the Dungeon.
You worshipped Cheibriados.
Cheibriados was pleased with you.
You were not hungry.
You were a venomous arachnid creature.
You visited 2 branches of the dungeon, and saw 9 of its levels.
You also visited: Sewer.

You collected 572 gold pieces.

Inventory:

Missiles
 a - 73 arrows
Jewellery
 i - an uncursed amulet of guardian spirit
 m - a ring of wizardry (left front leg)
 x - a ring of poison resistance (right front leg)
 B - an uncursed ring of see invisible {unknown}
Wands
 v - a wand of scattershot (3)
Scrolls
 b - 2 scrolls of immolation
 d - 5 scrolls of teleportation
 f - a scroll of random uselessness {unknown}
 k - 3 scrolls of blinking {unknown}
 q - 3 scrolls of amnesia {unknown}
 r - a scroll of fog {unknown}
 s - 2 scrolls of fear
 u - 3 scrolls of remove curse
 y - a scroll of noise {unknown}
 z - 3 scrolls of identify
 A - a scroll of enchant weapon
Potions
 g - a potion of flight {unknown}
 j - a potion of haste {unknown}
 l - 3 potions of curing
 n - 2 potions of lignification {unknown}
 p - 2 potions of might {unknown}
 t - a potion of berserk rage {unknown}
 w - 2 potions of ambrosia {unknown}
Comestibles
 c - 10 rations


   Skills:
 + Level 2.3 Fighting
 + Level 3.0 Dodging
 + Level 3.0 Stealth
 - Level 10.8 Unarmed Combat
 + Level 4.5 Spellcasting
 + Level 6.5 Transmutations
 - Level 3.0 Ice Magic
 - Level 1.0 Poison Magic
 - Level 3.0 Invocations


You had 3 spell levels left.
You knew the following spells:

 Your Spells              Type           Power        Failure   Level  Hunger
a - Beastly Appendage     Tmut           #####.       1%          1    None
b - Sticks to Snakes      Tmut           #####...     2%          2    None
c - Spider Form           Tmut/Pois      ###.......   7%          3    ##.....
d - Ice Form              Ice/Tmut       ####....     13%         4    ####...
e - Blade Hands           Tmut           #####.....   16%         5    #####..

Your spell library contained the following spells:

 Spells                   Type           Power        Failure   Level  Hunger


Dungeon Overview and Level Annotations

Branches:
Dungeon (8/15)             Temple (1/1) D:7           Sewer (visited)
   Lair: D:8-11

Altars:
Cheibriados
Dithmenos
Elyvilon
Fedhas
Hepliaklqana
Kikubaaqudgha
Okawaru
Ru
Sif Muna
Xom
Yredelemnul

Annotations:
D:3 exclusion: 3 killer bees
D:4 2 transporters
D:7 Harold


Innate Abilities, Weirdness & Mutations

You cannot wear most types of armour.
You are very stealthy in the water. (Stealth+)
((You are amphibious.))
You can wear up to eight rings at the same time.
((You can use your tentacles to constrict eight enemies at once.))
((Your skin changes colour to match your surroundings (Stealth+).))
((Your rubbery body absorbs attacks. (AC +1, EV +1)))
((One of your tentacles bears a spike.))
((You are resistant to electric shocks. (rElec)))


Message History

Harold is lightly wounded.
Harold barely misses you.
You barely miss Harold.
Harold is lightly wounded.
Harold hits you with a +0 glaive of freezing!
Harold freezes you.
You hit Harold.
Harold looks as sick as possible!
Harold is lightly wounded.
Harold closely misses you.
You bite Harold!
Harold looks as sick as possible!
Harold is moderately wounded.
You hit Harold but do no damage.
Harold looks as sick as possible!
Harold is heavily wounded.
Harold hits you with a +0 glaive of freezing!!
Harold freezes you!
* * * LOW HITPOINT WARNING * * *
Harold points at something and mumbles some strange words.
A sentinel's mark forms upon you.
Harold hits you from afar with a +0 glaive of freezing!
You die...

### ######### #######.. ##
######.....>.###........ .#
#.........##.##...####.# .#
#.####.##.##.#.....# #.# .# #.#
#....#.#.##...## #.# .# #.#
#...###......## #.. .#
#.###....#...###.# #.# .#
#....@.s..#### #.# #.#
.#############(##### ##'## #.#
.#........# #.# ##...## #.#
...######.# #.## ##.....###.#
#.....# #.# #..## ##.......##.#
...##.###.####...####.........#.#
....................'.........+..
..........####...####.........###
#.###.##### #..## ##.......####


You could see Harold.

Vanquished Creatures
  Prince Ribbit (D:8)
  A yak (D:8)
  Sigmund (D:3)
  A human (D:8)
  2 hogs (D:8)
  2 orc warriors (D:8)
  3 sky beasts
  An ogre (D:5)
  A phantom (D:8)
  2 centaurs
  A big kobold (D:8)
  3 bullfrogs
  A wyvern zombie (D:6)
  4 scorpions
  6 killer bees (D:8)
  A wight (D:8)
  3 howler monkeys (D:7)
  4 crimson imps
  An orc priest (D:8)
  A jelly (D:7)
  Crazy Yiuf (D:3)
  3 hounds
  7 orc wizards
  A bullfrog skeleton (D:5)
  2 centaur skeletons (D:6)
  An iguana (D:8)
  Natasha (thrice) (D:2)
  2 worker ants
  A killer bee zombie (D:6)
  2 hound skeletons
  A howler monkey zombie (D:5)
  Robin (D:3)
  8 gnolls
  9 adders
  3 river rats (Sewer)
  A shadow imp (D:5)
  2 oozes
  A dart slug (D:3)
  2 worms (D:2)
  10 leopard geckos
  24 orcs
  7 ball pythons
  8 giant cockroaches
  16 goblins
  15 hobgoblins
  6 jackals
  19 kobolds
  4 quokkas
  6 bats
  9 frilled lizards
  A leopard gecko skeleton (D:5)
  19 rats
235 creatures vanquished.

Vanquished Creatures (collateral kills)
  A hog (D:8)
  2 killer bees (D:8)
3 creatures vanquished.

Vanquished Creatures (others)
  An adder skeleton (D:8)
  A leopard gecko (D:6)
  A quokka (D:5)
3 creatures vanquished.

Grand Total: 241 creatures vanquished

Notes
Turn   | Place    | Note
-------+----------+-------------------------------------------
     0 | D:1      | Hugehornet the Octopode Transmuter began the quest for the
                  | Orb.
     0 | D:1      | Reached XP level 1. HP: 13/13 MP: 3/3
   254 | D:1      | Reached XP level 2. HP: 16/18 MP: 3/5
   353 | D:1      | Learned a level 2 spell: Sticks to Snakes
   545 | D:1      | Reached XP level 3. HP: 16/23 MP: 4/6
   550 | D:1      | Learned a level 3 spell: Spider Form
  1016 | D:2      | Found a shadowy altar of Dithmenos.
  1065 | D:2      | Found a basalt altar of Yredelemnul.
  1123 | D:2      | Noticed Natasha
  1160 | D:2      | Reached skill level 1 in Poison Magic
  1160 | D:2      | Reached XP level 4. HP: 18/28 MP: 0/7
  1167 | D:2      | Killed Natasha
  1283 | D:2      | Noticed Natasha
  1285 | D:2      | Reached XP level 5. HP: 30/33 MP: 6/8
  1291 | D:2      | Killed Natasha
  1291 | D:2      | Reached skill level 4 in Unarmed Combat
  1340 | D:2      | Noticed Natasha
  1350 | D:2      | Killed Natasha
  1852 | D:3      | Noticed Robin
  1879 | D:3      | Noticed Sigmund
  1885 | D:3      | Killed Robin
  1885 | D:3      | Reached XP level 6. HP: 10/38 MP: 5/9
  2152 | D:3      | Found a shadowy altar of Dithmenos.
  2177 | D:3      | Found a shimmering altar of Xom.
  2218 | D:3      | Killed Sigmund
  2218 | D:3      | Reached skill level 5 in Transmutations
  2369 | D:3      | Reached skill level 5 in Unarmed Combat
  2662 | D:3      | Reached XP level 7. HP: 31/43 MP: 7/11
  2834 | D:3      | Learned a level 4 spell: Ice Form
  2966 | D:3      | Found a runed translucent door.
  2967 | D:3      | Noticed Crazy Yiuf
  2973 | D:3      | Killed Crazy Yiuf
  3285 | D:4      | Found a transporter.
  3308 | D:4      | Reached skill level 1 in Ice Magic
  3548 | D:4      | Found a transporter.
  4032 | D:4      | Identified the +0 ring mail of Zefiv {Regen+ Str+3}
  4246 | D:5      | Entered Level 5 of the Dungeon
  4316 | D:5      | Found a glowing drain.
  4323 | Sewer    | Entered a sewer
  5138 | D:5      | Reached XP level 8. HP: 45/48 MP: 12/14
  5145 | D:5      | Learned a level 5 spell: Blade Hands
  5157 | D:5      | Found a sacrificial altar of Ru.
  5272 | D:5      | Found a white marble altar of Elyvilon.
  5346 | D:5      | Reached skill level 6 in Unarmed Combat
  6091 | D:6      | Reached skill level 7 in Unarmed Combat
  6835 | D:6      | Found an iron altar of Okawaru.
  7000 | D:6      | Reached skill level 8 in Unarmed Combat
  7885 | D:7      | Reached XP level 9. HP: 53/53 MP: 13/15
  7925 | D:7      | Reached skill level 9 in Unarmed Combat
  8018 | D:7      | Found a staircase to the Ecumenical Temple.
  8047 | Temple   | Entered the Ecumenical Temple
  8056 | Temple   | Became a worshipper of Cheibriados the Contemplative
  8107 | D:7      | Found a hazy altar of Hepliaklqana.
  8236 | D:7      | Noticed Harold
  9042 | D:8      | Reached skill level 10 in Unarmed Combat
  9197 | D:8      | Reached * piety under Cheibriados
  9646 | D:8      | Noticed Prince Ribbit
  9724 | D:8      | Killed Prince Ribbit
 10262 | D:8      | Reached skill level 1 in Invocations
 10263 | D:8      | Reached ** piety under Cheibriados
 10263 | D:8      | Reached skill level 1 in Stealth
 10615 | D:8      | Found an ancient bone altar of Kikubaaqudgha.
 10615 | D:8      | Found a blossoming altar of Fedhas.
 10732 | D:8      | Reached XP level 10. HP: 39/60 MP: 5/16
 10870 | D:8      | Gained mutation: Your spells are a little easier to cast,
                  | but a little less powerful. [potion of mutation]
 10870 | D:8      | Lost mutation: Your spells are a little easier to cast, but
                  | a little less powerful. [potion of mutation]
 10870 | D:8      | Gained mutation: Scrolls take you a little longer to read.
                  | [potion of mutation]
 10870 | D:8      | Gained mutation: You expend magic power (3 MP) to
                  | strengthen your wands. [potion of mutation]
 10871 | D:8      | Lost mutation: Scrolls take you a little longer to read.
                  | [potion of mutation]
 10871 | D:8      | Lost mutation: You expend magic power (3 MP) to strengthen
                  | your wands. [potion of mutation]
 10871 | D:8      | Gained mutation: One of your tentacles bears a spike.
                  | [potion of mutation]
 10871 | D:8      | Gained mutation: You are resistant to electric shocks.
                  | (rElec) [potion of mutation]
 11063 | D:7      | Slain by Harold

Levels and vault maps discovered:
D:1:      enne_arrival_octagon_isle, layout_basic
D:2:      layout_loops_ring, overflow_temple_1_default,
          yredelemnul_altar_generic, uniq_natasha
D:3:      layout_loops_ring, lemuel_crystal_altar, first_ration,
          chequers_mini_garden, nicolae_dithmenos_through_a_glass_darkly,
          uniq_crazy_yiuf_cottage, uniq_sigmund, uniq_robin
D:4:      gammafunk_wand_slinger, layout_rooms
D:5:      layout_basic, elyvilon_altar_4, gup_sewer_entry_bubbles,
          nicolae_ru_great_annihilating_truth
D:6:      wander_river, layout_cave_pods, okawaru_altar_gauntlet_db,
          minivault_22, lemuel_old_faithful
D:7:      layout_loops_corners, old_standard_altar,
          minmay_temple_entry_sparse_star, chequers_serial_rivers_micro_e,
          uniq_harold
D:8:      layout_rooms, grunt_temple_overflow_growth_and_decay, grunt_livestock,
          minmay_fractal_squares_diagonal_5, uniq_prince_ribbit1
Temple:   regret_index_temple_waves

Skill      XL: |  1  2  3  4  5  6  7  8  9 10 |
---------------+-------------------------------+-----
Transmutations | 3 4 5 6 |  6.5
Poison Magic   | 1 |  1.0
Unarmed Combat | 4 5 8 10 | 10.8
Spellcasting   | 4 |  4.5
Ice Magic      | 3 |  3.0
Invocations    | 2 3 |  3.0
Stealth        | 2 3 |  3.0
Fighting       | 2 |  2.3
Dodging        | 3 |  3.0

Action                   |  1- 3 |  4- 6 |  7- 9 | 10-12 || total
-------------------------+-------+-------+-------+-------++-------
Melee: Unarmed           |    82 |   119 |   396 |    20 ||   617
       Constrict         |    21 |    12 |    45 |       ||    78
       Kick              |    20 |    12 |    42 |       ||    74
       Tentacles         |    15 |     9 |    27 |       ||    51
       Punch             |       |     3 |    13 |       ||    16
 Cast: Beastly Appendage |    22 |    15 |    53 |       ||    90
       Spider Form       |     1 |     7 |    25 |     2 ||    35
       Sticks to Snakes  |       |       |    23 |     7 ||    30
       Ice Form          |       |       |     4 |       ||     4
 Abil: End Transformatio |       |       |     4 |     1 ||     5
  Use: Potion            |       |     3 |     5 |     5 ||    13
       Scroll            |       |     5 |     6 |     1 ||    12
 Stab: Sleeping          |     9 |     3 |    10 |       ||    22
       Distracted        |       |       |     2 |       ||     2
       Invisible         |       |       |     1 |     2 ||     3
       Paralysed         |       |       |     1 |       ||     1
  Eat: Chunk             |     1 |     6 |    13 |       ||    20
       Ration            |       |       |     4 |       ||     4
Armor: Skin              |     6 |     8 |    31 |       ||    45
Dodge: Dodged            |    47 |   118 |   251 |    18 ||   434
